Map: Blackburn LE

Players

TriGGeR - Winner!

  • Race: Protoss Protoss

Semper

  • Race: Terran Terran

Event: DreamHack SC2 Masters 2021 Fall

VOD

Have the link to the VOD?

Description

Time

  • Played on: Aug. 8, 2021, 3:11 p.m.
  • Length: 11:55

All games in this series

Show
View Real Time Build Order
Export as new Build Order

TriGGeR Protoss - Winner!

Build Orders: 1 Gate Expand, Phoenix Opening, Mass Phoenix 

Get SALT Encoding   

  12  0:00  Probe  
  13  0:12  Probe  
  14  0:17  Pylon  
  14  0:24  Probe (Chrono Boost)  
  15  0:36  Gateway  
  15  0:37  Probe (Chrono Boost)  
  16  0:43  Probe (Chrono Boost)  
  16  0:46  Assimilator  
  17  0:52  Probe  
  19  1:04  Probe  
  19  1:16  Probe  
  20  1:23  Nexus  
  20  1:28  Probe  
  21  1:36  Cybernetics Core  
  21  1:42  Assimilator  
  21  1:49  Pylon  
  21  1:50  Probe  
  22  2:02  Probe  
  23  2:09  Adept (Chrono Boost)  
  23  2:14  Probe  
  23  2:15  Stargate  
  26  2:23  Warp Gate  
  26  2:28  Probe (Chrono Boost)  
  26  2:29  Shield Battery, Adept (Chrono Boost)  
  27  2:36  Probe (Chrono Boost)  
  31  2:44  Probe (Chrono Boost)  
  31  2:45  Probe (Chrono Boost)  
  31  2:50  Probe (Chrono Boost)  
  31  2:51  Probe  
  33  2:53  Adept  
  36  3:00  Phoenix (Chrono Boost)  
  36  3:03  Probe  
  39  3:05  Probe  
  40  3:15  Probe  
  40  3:19  Probe  
  42  3:21  Phoenix (Chrono Boost)  
  42  3:24  Pylon  
  44  3:27  Gateway  
  44  3:29  Probe  
  44  3:31  Probe  
  46  3:41  Phoenix (Chrono Boost)  
  46  3:42  Probe  
  46  3:43  Probe  
  46  3:47  Twilight Council  
  50  3:54  Probe  
  50  3:55  Pylon  
  51  3:58  Probe  
  51  4:01  Assimilator  
  52  4:05  Phoenix  
  54  4:13  Adept, Probe  
  54  4:16  Pylon  
  57  4:20  Probe  
  58  4:25  Probe  
  57  4:33  Adept  
  57  4:34  Adept  
  61  4:41  Probe  
  61  4:44  Probe  
  57  4:47  Phoenix (Chrono Boost)  
  58  4:53  Probe  
  58  4:54  Charge  
  58  4:56  Probe  
  59  5:01  Nexus  
  59  5:05  Assimilator, Probe  
  60  5:08  Probe  
  60  5:09  Phoenix (Chrono Boost)  
  63  5:17  Pylon  
  63  5:18  Probe  
  63  5:20  Probe  
  65  5:27  Gateway  
  65  5:30  Robotics Facility, Probe  
  65  5:32  Probe  
  67  5:36  Zealot x2  
  67  5:38  Shield Battery  
  67  5:40  Phoenix (Chrono Boost)  
  67  5:42  Probe  
  74  5:45  Probe  
  71  5:54  Probe  
  71  5:56  Phoenix (Chrono Boost)  
  69  5:57  Probe  
  69  5:59  Forge  
  69  6:00  Zealot  
  69  6:02  Zealot  
  75  6:09  Probe  
  76  6:13  Probe x2  
  76  6:16  Phoenix (Chrono Boost)  
  80  6:20  Observer  
  80  6:21  Robotics Bay  
  80  6:22  Zealot  
  80  6:23  Zealot  
  85  6:27  Zealot  
  85  6:28  Probe  
  85  6:29  Probe  
  85  6:30  Probe  
  90  6:44  Observer (Chrono Boost), Zealot  
  93  6:48  Protoss Ground Weapons Level 1, Pylon  
  93  6:49  Pylon  
  93  6:51  Pylon  
  93  6:57  Gateway x2  
  93  7:00  Gateway  
  93  7:07  Colossus (Chrono Boost), Phoenix  
  101  7:11  Zealot x3  
  107  7:17  Assimilator  
  101  7:39  Zealot x3  
  95  7:47  Gateway, Extended Thermal Lance  
  95  7:48  Blink  
  95  7:50  Colossus (Chrono Boost)  
  101  7:52  Gateway  
  101  7:54  Pylon  
  101  7:55  Pylon  
  101  8:01  Zealot x6  
  111  8:07  Pylon  
  111  8:09  Pylon, Observer  
  110  8:14  Pylon  
  110  8:15  Templar Archives  
  110  8:22  Zealot x4  
  118  8:27  Warp Prism (Chrono Boost)  
  120  8:37  Assimilator  
  120  8:42  Phoenix  
  120  8:46  Zealot x4  
  130  9:08  Stalker x5  
  130  9:09  Protoss Ground Weapons Level 2 (Chrono Boost)  
  129  9:22  Nexus  
  129  9:24  High Templar x2  
  133  9:25  Gateway  
  133  9:27  High Templar  
  133  9:28  Archon  
  133  9:31  Pylon, High Templar  
  137  9:36  Archon  
  121  9:46  Stalker x4  
  121  9:47  Observer (Chrono Boost)  
  130  9:55  Probe x2  
  130  9:56  Shield Battery  
  130  9:58  Gateway  
  132  10:04  Zealot x3  
  132  10:05  Zealot  
  96  10:15  Zealot x2  
  96  10:16  Zealot x2  
  102  10:22  Zealot  
  102  10:26  Zealot x4  
  106  10:38  Observer  
  106  10:39  Colossus (Chrono Boost)  
  106  10:41  Zealot x2  
  106  10:42  Zealot  
  100  10:45  High Templar x2  
  100  10:48  Robotics Facility  
  100  10:49  Probe x4  
  108  10:51  Archon  
  108  10:57  High Templar x2  
  108  10:58  Zealot x2  
  108  11:02  Archon  
  115  11:05  Zealot  
  115  11:06  Zealot x2  
  113  11:18  Stalker x4  
  111  11:19  Zealot  
  111  11:26  Observer  
  111  11:29  Zealot  
  111  11:30  Zealot x4  
  105  11:52  Zealot x6  
Show
View Real Time Build Order
Export as new Build Order

Semper Terran 

Build Orders:  

Get SALT Encoding   

  12  0:00  SCV  
  13  0:12  SCV  
  14  0:17  Supply Depot  
  14  0:24  SCV  
  15  0:39  SCV  
  15  0:40  Barracks  
  16  0:44  Refinery  
  16  0:51  SCV  
  17  1:03  SCV  
  18  1:15  SCV  
  19  1:27  Marine, Orbital Command  
  20  1:42  Command Center  
  20  1:45  Barracks Reactor  
  20  1:52  SCV  
  21  1:57  Supply Depot  
  21  2:04  SCV  
  22  2:09  Factory  
  22  2:16  SCV  
  22  2:21  Marine x2  
  25  2:27  Refinery  
  25  2:29  SCV  
  26  2:39  Marine x2  
  26  2:41  SCV  
  29  2:53  SCV, Starport  
  29  2:54  Hellion  
  29  2:57  Orbital Command  
  32  3:02  Marine  
  32  3:04  Marine  
  34  3:06  SCV  
  35  3:17  Hellion  
  35  3:19  SCV  
  38  3:24  Marine x2, Supply Depot  
  38  3:26  SCV  
  41  3:32  Medivac  
  43  3:38  Hellion  
  43  3:39  SCV  
  46  3:46  Marine x2, SCV  
  49  3:49  Supply Depot  
  49  3:54  SCV  
  50  4:03  Barracks  
  50  4:05  Marine x2  
  50  4:06  Factory Tech Lab, Starport Tech Lab  
  50  4:09  SCV  
  53  4:10  SCV, Bunker  
  53  4:15  Engineering Bay  
  54  4:23  SCV  
  56  4:36  Marine x2  
  56  4:38  SCV  
  52  4:46  Cyclone  
  52  4:50  SCV x2  
  49  4:54  Marine x2  
  49  4:56  Barracks  
  49  5:00  Terran Infantry Weapons Level 1  
  49  5:01  Refinery, Supply Depot  
  49  5:02  SCV x2, Stimpack  
  49  5:03  Marine  
  52  5:07  Viking  
  52  5:12  Marine x2  
  56  5:14  SCV  
  56  5:15  SCV  
  56  5:21  Marine  
  59  5:26  SCV  
  59  5:27  SCV  
  61  5:29  Supply Depot  
  61  5:31  Marine  
  61  5:32  Factory Reactor  
  60  5:38  SCV  
  60  5:39  SCV  
  60  5:42  Marine  
  61  5:50  Marine, SCV  
  61  5:51  Marauder, Starport Reactor  
  61  5:53  SCV  
  61  5:56  Command Center  
  65  6:00  Supply Depot  
  65  6:01  Combat Shield  
  65  6:02  Marauder  
  67  6:06  Refinery  
  67  6:08  Barracks  
  67  6:12  Barracks  
  67  6:13  Widow Mine x2  
  67  6:17  Supply Depot  
  71  6:19  Marine x2  
  71  6:21  Marauder  
  71  6:22  SCV x2  
  77  6:29  Medivac x2  
  81  6:33  Supply Depot  
  81  6:34  SCV  
  81  6:39  Marine, Widow Mine x2  
  87  6:42  SCV  
  87  6:45  Missile Turret  
  87  6:48  Missile Turret  
  87  6:54  Marine  
  87  6:55  Marauder  
  87  6:57  Missile Turret  
  90  7:05  SCV, Widow Mine x2  
  96  7:08  SCV  
  96  7:11  Terran Infantry Armor Level 1  
  96  7:18  SCV  
  90  7:23  Marine x4  
  90  7:26  Widow Mine  
  90  7:27  SCV  
  91  7:30  SCV  
  85  7:40  Barracks Reactor  
  85  7:41  Marine x3, Barracks Tech Lab  
  85  7:45  Widow Mine  
  85  7:46  Medivac x2  
  85  7:47  SCV x2, Widow Mine  
  95  7:51  Marine  
  96  7:59  Marine  
  96  8:02  SCV x2  
  97  8:06  Marine  
  97  8:07  Marine  
  97  8:09  Marine, Marauder  
  97  8:11  Orbital Command  
  102  8:14  SCV  
  102  8:16  Marine, Viking x2  
  108  8:21  SCV  
  108  8:25  Marauder  
  108  8:26  SCV, Widow Mine x2, Missile Turret  
  116  8:31  Supply Depot, Armory  
  115  8:37  Marauder  
  117  8:45  Supply Depot  
  117  8:46  Marine, Viking, Marauder  
  117  8:48  Refinery  
  122  8:50  Refinery  
  122  8:58  SCV  
  122  9:01  Viking  
  121  9:02  Marine  
  121  9:03  Marine, Marauder  
  121  9:09  Marine x2, Widow Mine  
  127  9:10  Marauder x2  
  127  9:11  Widow Mine  
  127  9:14  Ghost Academy  
  127  9:16  Viking  
  133  9:18  Terran Infantry Weapons Level 2  
  133  9:23  Marine  
  132  9:24  Marauder  
  134  9:34  Marine, Starport, Marauder  
  137  9:42  Marine, Marauder  
  137  9:46  Marine, Ghost  
  137  9:47  Marine  
  137  9:52  Supply Depot  
  141  9:54  Widow Mine x2  
  141  9:55  Supply Depot, Ghost  
  141  9:59  Marine  
  147  10:03  Ghost  
  147  10:06  Marine x2  
  103  10:15  Marauder  
  103  10:17  Marine, Medivac  
  103  10:18  SCV, Medivac  
  103  10:20  SCV  
  106  10:24  Marauder  
  102  10:31  Marine x3  
  102  10:32  Marauder  
  102  10:33  Widow Mine  
  102  10:34  Marine  
  106  10:36  Marine  
  106  10:42  SCV  
  94  10:45  Marine  
  94  10:47  Medivac  
  94  10:48  Medivac  
  94  10:49  Marine x2  
  101  10:50  Medivac  
  101  10:52  Marine  
  101  10:53  Marauder  
  101  10:55  Widow Mine  
  108  11:00  Marine  
  108  11:01  Marine  
  107  11:14  Marine  
  107  11:17  Marine  
  107  11:18  Marine x4  
  96  11:19  Widow Mine, Marauder  
  96  11:20  Widow Mine  
  97  11:31  Marine  
  92  11:35  Marine, SCV x2  

Tags
 
Add a new tag
Caveats
  • Supply blocks, unpowered buildings, or Contaminate may cause inaccurate times.
  • Supply counts are checked every 10 seconds.